Knights vs Ice Dragons

Created - February 26, 2020 at 20:03

Goals
1 2 3 T
Knights 0 4 2 6
Ice Dragons 3 3 1 7
Shots
1 2 3 T
Knights 6 18 13 37
Ice Dragons 11 9 13 33

1st period

1. Ice Dragons , Corban Knight 30 (Billy Sweat 17) at 5:57 (PP)
2. Ice Dragons , Corban Knight 31 (Brayden McNabb 43) at 9:31
3. Ice Dragons , Brandon Kozun 16 (Brian Boyle 38, William Carrier 21) at 14:15

Penalties :
Brandon Kozun (Kin) for Tripping (Minor) at 0:22, Ryan Strome (Lon) for Hooking (Minor) at 5:22, Noel Acciari (Lon) for Tripping (Minor) at 6:16, Jaccob Slavin (Lon) for Hooking (Minor) at 14:18

2nd period

4. Ice Dragons , William Carrier 17 (Boone Jenner 36, Brandon Kozun 20) at 2:00
5. Knights , Vince Hinostroza 7 (Jaccob Slavin 25, Nicolas Petan 7) at 4:08
6. Ice Dragons , Michael Ferland 7 (Kevin Connauton 30, Adam Clendening 4) at 5:54
7. Knights , Jordan Martinook 17 (Olli Maatta 16, Miro Aaltonen 31) at 10:34
8. Knights , Miro Aaltonen 18 (Ryan Strome 29) at 11:16
9. Ice Dragons , Billy Sweat 14 (Brian Boyle 39) at 12:22 (SH)
10. Knights , Noel Acciari 19 (Jaccob Slavin 26) at 12:28 (PP)

Penalties :
Justin Shugg (Kin) for Hooking (Minor) at 12:01, Corban Knight (Kin) for Hooking (Minor) at 13:09, Corban Knight (Kin) for Hooking (Minor) at 18:30

3rd period

11. Knights , Dwight King 25 (Noel Acciari 29, Collin Miller 13) at 2:21 (PP)
12. Ice Dragons , Brian Boyle 26 (Billy Sweat 18, Kevin Connauton 31) at 3:56
13. Knights , Noel Acciari 20 (Dwight King 31) at 6:02 (PP)

Penalties :
Corban Knight (Kin) for Holding (Minor) at 2:10, Justin Shugg (Kin) for Roughing (Minor) at 5:59

Goalie Stats

Magnus Hellberg (Lon), 8 saves from 12 shots - (0.667), 22:00 minutes
Elvis Merzlikins (Lon), 18 saves from 21 shots - (0.857), L, 8-3-0, 37:23 minutes
Harru Sateri (Kin), 31 saves from 37 shots - (0.838), W, 24-11-5, 60:00 minutes

Players Stats for Knights

Player Name              G  A  P  +/- PIM S  H  SB GA TA FO     MP     PP MP  PK MP  
------------------------------------------------------------------------------------
Brendan Gaunce           0  0  0  -2  0   3  1  0  0  0  2/3    13:15   0:00   1:59 
Collin Miller            0  1  1  -2  0   2  1  0  0  1  0/0    21:50   3:57   2:04 
Dwight King              1  1  2  -2  0   5  3  0  0  0  0/3    21:19   3:51   1:05 
Jaccob Slavin            0  2  2  -3  2   0  1  0  1  1  0/0    23:33   3:57   1:02 
Jordan Martinook         1  0  1   0  0   2  1  0  0  0  1/1    16:05   0:03   2:26 
Josh Bailey              0  0  0  -2  0   4  2  1  1  0  0/1    21:14   3:51   0:00 
Linden Vey               0  0  0  -2  0   1  1  1  0  0  0/0    11:32   0:03   0:00 
Ludwig Bystrom           0  0  0   1  0   0  1  1  1  0  0/0    13:07   0:00   0:38 
Matthew Benning          0  0  0   1  0   0  1  0  0  1  0/0    12:03   0:00   0:00 
Michael Matheson         0  0  0  -1  0   1  2  0  0  0  0/0    23:17   2:41   2:44 
Miro Aaltonen            1  1  2   0  0   7  0  0  0  1  3/11   17:18   2:44   0:49 
Nathan Walker            0  0  0  -2  0   1  0  0  0  1  1/1    11:12   0:00   0:00 
Nicolas Petan            0  1  1   1  0   1  0  0  0  0  2/2     6:25   0:00   0:17 
Noel Acciari             2  1  3  -2  2   4  2  3  1  0  20/41  22:45   3:51   1:28 
Olli Maatta              0  1  1  -2  0   4  3  1  0  0  0/0    26:16   2:41   2:38 
Ryan Strome              0  1  1   0  2   0  3  0  0  0  0/0    17:28   2:44   0:00 
Valentin Zykov           0  0  0   1  0   0  1  0  1  1  0/0     9:15   2:44   0:00 
Vince Hinostroza         1  0  1   1  0   2  1  0  0  0  0/0     7:30   0:03   1:02 

Players Stats for Ice Dragons

Player Name              G  A  P  +/- PIM S  H  SB GA TA FO     MP     PP MP  PK MP  
------------------------------------------------------------------------------------
Adam Clendening          0  1  1  -1  0   0  0  1  0  0  0/0    10:13   0:00   0:00 
Billy Sweat              1  2  3   2  0   4  1  2  1  0  0/1    23:14   2:02   3:58 
Boone Jenner             0  1  1   1  0   0  0  0  0  0  0/3    12:05   2:31   0:41 
Brandon Kozun            1  1  2   1  2   3  1  1  0  1  0/0    20:03   2:31   0:00 
Brayden McNabb           0  1  1   3  0   1  1  5  1  1  0/0    29:37   2:29   4:20 
Brian Boyle              1  2  3   2  0   2  3  1  1  0  26/44  23:49   2:31   3:54 
Chris Wagner             0  0  0   1  0   1  0  0  0  0  0/1     8:47   0:00   0:00 
Corban Knight            2  0  2  -1  6   3  3  0  0  0  5/8    15:49   1:59   0:49 
Emil Pettersson          0  0  0   0  0   0  0  0  0  0  0/0     1:32   0:00   1:14 
Juho Lammikko            0  0  0   1  0   0  2  0  0  0  0/0     9:22   0:00   0:00 
Justin Shugg             0  0  0  -1  4   0  2  1  0  0  1/1    12:53   0:00   0:00 
Kevin Connauton          0  2  2   3  0   9  0  1  2  0  0/0    29:37   2:29   4:20 
Logan MacMillan          0  0  0  -1  0   0  0  1  1  0  1/1    16:49   2:02   1:49 
Michael Ferland          1  0  1   1  0   3  1  0  0  1  0/0    10:38   0:00   0:51 
Mike Reilly              0  0  0   1  0   0  2  1  0  1  0/0    20:10   2:04   2:18 
Robin Norell             0  0  0  -1  0   1  0  0  0  0  0/0    10:13   0:00   0:00 
Sam Carrick              0  0  0   1  0   1  0  0  0  0  1/4     9:22   0:00   0:00 
Samuel Groulx            0  0  0   1  0   3  0  2  0  1  0/0    20:10   2:04   2:18 
William Carrier          1  1  2   1  0   2  0  0  0  0  0/0     8:53   0:03   0:00 

3 Stars

1 - Brian Boyle (Kin)
2 - Billy Sweat (Kin)
3 - Kevin Connauton (Kin)

Power Play

Knights - 3 on 6 Attempt(s) - 50.00%
Ice Dragons - 1 on 3 Attempt(s) - 33.33%

Penalty Kill

Knights - 2 on 3 Attempt(s) - 66.67% - Score 0 goal in Penalty Kill
Ice Dragons - 3 on 6 Attempt(s) - 50.00% - Score 1 goal in Penalty Kill

Team Stat

Knights - Hits : 24 - Faceoff Wins : 29 - Blocked Shots : 7 - Penalty Minutes : 6
Ice Dragons - Hits : 16 - Faceoff Wins : 34 - Blocked Shots : 16 - Penalty Minutes : 12

Official

Referees : Unknown
Linesman : Unknown

Game Notes

Elvis Merzlikins enters game at 2:00 of 2nd period
12:22 of 2nd period - Ice Dragons goal is going for a video replay. After video review, Goal.

Finance

Level 1 -- Attendance: 1409 (70.45%) -- Ticket Income $56,360
Level 2 -- Attendance: 619 (61.90%) -- Ticket Income $12,380
Total Attendance: 2028 (67.60%)
Total Ticket Income: $68,740
Other Income: $3,437
Total Income: $72,177

Knights

5 vs 5 Forward 
   Center                   Left Wing                Right Wing               Time % Phy DF OF 
 1 Noel Acciari             Dwight King              Josh Bailey              40     1   1  3  
 2 Miro Aaltonen            Jordan Martinook         Ryan Strome              30     1   2  2  
 3 Brendan Gaunce           Nathan Walker            Linden Vey               20     0   2  3  
 4 Nicolas Petan            Valentin Zykov           Vince Hinostroza         10     0   2  3  

5 vs 5 Defense 
   Defense                  Defense                                           Time % Phy DF OF 
 1 Jaccob Slavin            Olli Maatta                                       40     1   2  2  
 2 Collin Miller            Michael Matheson                                  30     1   2  2  
 3 Matthew Benning          Ludwig Bystrom                                    20     1   2  2  
 4 Michael Matheson         Olli Maatta                                       10     1   2  2  

PowerPlay Forward 
   Center                   Left Wing                Right Wing               Time % Phy DF OF 
 1 Noel Acciari             Dwight King              Josh Bailey              60     0   1  4  
 2 Miro Aaltonen            Valentin Zykov           Ryan Strome              40     0   1  4  

PowerPlay Defense
   Defense                  Defense                                           Time % Phy DF OF 
 1 Collin Miller            Jaccob Slavin                                     60     0   1  4  
 2 Michael Matheson         Olli Maatta                                       40     0   1  4  

Penalty Kill 4 Players Forward 
   Center                   Wing                     Time % Phy DF OF 
 1 Noel Acciari             Jordan Martinook         60     1   3  1  
 2 Brendan Gaunce           Vince Hinostroza         40     1   3  1  

Penalty Kill 4 Players Defense
   Defense                  Defense                  Time % Phy DF OF 
 1 Michael Matheson         Olli Maatta              60     1   3  1  
 2 Jaccob Slavin            Collin Miller            40     1   3  1  

Penalty Kill - 3 Players Forward 
   Forward                                           Time % Phy DF OF 
 1 Noel Acciari                                      60     0   4  1  
 2 Vince Hinostroza                                  40     0   4  1  

Penalty Kill - 3 Players Defense
   Defense                  Defense                  Time % Phy DF OF 
 1 Jaccob Slavin            Olli Maatta              60     1   3  1  
 2 Michael Matheson         Collin Miller            40     1   3  1  

4 vs 4 Forward 
   Center                   Wing                     Time % Phy DF OF 
 1 Noel Acciari             Josh Bailey              60     1   2  2  
 2 Miro Aaltonen            Dwight King              40     1   2  2  

4 vs 4 Defense
   Defense                  Defense                  Time % Phy DF OF 
 1 Michael Matheson         Jaccob Slavin            60     1   2  2  
 2 Olli Maatta              Collin Miller            40     1   2  2  

Last Minutes Offensive
   Center                   Left Wing                Right Wing               Defense                  Defense                  
   Noel Acciari             Josh Bailey              Ryan Strome              Collin Miller            Jaccob Slavin            

Last Minutes Defensive
   Center                   Left Wing                Right Wing               Defense                  Defense                  
   Noel Acciari             Jordan Martinook         Vince Hinostroza         Olli Maatta              Michael Matheson         

Goaltenders
Starting : Magnus Hellberg          
Backup : Elvis Merzlikins         

Extra Forwards
Normal : Jordan Martinook, Linden Vey, Noel Acciari - PP : Linden Vey, Noel Acciari - PK : Noel Acciari
Extra Defensemen
Normal : Olli Maatta, Michael Matheson, Collin Miller - PP : Michael Matheson - PK : Ludwig Bystrom, Michael Matheson
Penalty Shots
Nathan Walker, Miro Aaltonen, Ryan Strome, Noel Acciari, Dwight King

Scratches
Zach Nastasiuk (Healthy), Nicklas Jensen (Healthy), Alan Quine (Healthy), David Shields (Healthy), Trevor Moore (Healthy)
Scott Wilson (Healthy), Curtis Valk (Healthy), Anthony Louis (Healthy), Travis Boyd (Healthy), Fredrik Claesson (Healthy)
Mackenzie MacEachern (Healthy), Nikolaj Ehlers (Left Wrist Injury), Jayce Hawryluk (Healthy), Nikolay Goldobin (Healthy), Kevin Fiala (Healthy)
A.J. Jenks (Healthy), Ryan Collins (Healthy), Tomas Kundratek (Strained Right Knee Injury), William Lagesson (Healthy), Eamon McAdam (Healthy)
Philippe Desrosiers (Healthy), Ville Husso (Healthy)

Ice Dragons

5 vs 5 Forward 
   Center                   Left Wing                Right Wing               Time % Phy DF OF 
 1 Brian Boyle              Billy Sweat              Brandon Kozun            40     1   2  2  
 2 Corban Knight            Logan MacMillan          Justin Shugg             30     1   2  2  
 3 Boone Jenner             William Carrier          Chris Wagner             20     1   2  2  
 4 Sam Carrick              Michael Ferland          Juho Lammikko            10     1   2  2  

5 vs 5 Defense 
   Defense                  Defense                                           Time % Phy DF OF 
 1 Brayden McNabb           Kevin Connauton                                   40     1   2  2  
 2 Samuel Groulx            Mike Reilly                                       30     1   2  2  
 3 Adam Clendening          Robin Norell                                      20     1   2  2  
 4 Brayden McNabb           Kevin Connauton                                   10     1   2  2  

PowerPlay Forward 
   Center                   Left Wing                Right Wing               Time % Phy DF OF 
 1 Brian Boyle              Boone Jenner             Brandon Kozun            60     1   2  2  
 2 Corban Knight            Logan MacMillan          Billy Sweat              40     1   2  2  

PowerPlay Defense
   Defense                  Defense                                           Time % Phy DF OF 
 1 Brayden McNabb           Kevin Connauton                                   60     1   2  2  
 2 Samuel Groulx            Mike Reilly                                       40     1   2  2  

Penalty Kill 4 Players Forward 
   Center                   Wing                     Time % Phy DF OF 
 1 Brian Boyle              Billy Sweat              60     1   2  2  
 2 Corban Knight            Logan MacMillan          40     1   2  2  

Penalty Kill 4 Players Defense
   Defense                  Defense                  Time % Phy DF OF 
 1 Brayden McNabb           Kevin Connauton          60     1   2  2  
 2 Samuel Groulx            Mike Reilly              40     1   2  2  

Penalty Kill - 3 Players Forward 
   Forward                                           Time % Phy DF OF 
 1 Brian Boyle                                       60     1   2  2  
 2 Corban Knight                                     40     1   2  2  

Penalty Kill - 3 Players Defense
   Defense                  Defense                  Time % Phy DF OF 
 1 Brayden McNabb           Kevin Connauton          60     1   2  2  
 2 Samuel Groulx            Mike Reilly              40     1   2  2  

4 vs 4 Forward 
   Center                   Wing                     Time % Phy DF OF 
 1 Corban Knight            Billy Sweat              60     1   2  2  
 2 Brandon Kozun            Logan MacMillan          40     1   2  2  

4 vs 4 Defense
   Defense                  Defense                  Time % Phy DF OF 
 1 Brayden McNabb           Kevin Connauton          60     1   2  2  
 2 Samuel Groulx            Mike Reilly              40     1   2  2  

Last Minutes Offensive
   Center                   Left Wing                Right Wing               Defense                  Defense                  
   Brian Boyle              Corban Knight            Boone Jenner             Brayden McNabb           Kevin Connauton          

Last Minutes Defensive
   Center                   Left Wing                Right Wing               Defense                  Defense                  
   Brian Boyle              Billy Sweat              Brandon Kozun            Brayden McNabb           Kevin Connauton          

Goaltenders
Starting : Harru Sateri             
Backup : Oscar Dansk              

Extra Forwards
Normal : Emil Pettersson, Michael Ferland, William Carrier - PP : William Carrier, Michael Ferland - PK : Emil Pettersson
Extra Defensemen
Normal : Adam Clendening, Robin Norell, Samuel Groulx - PP : Adam Clendening - PK : Robin Norell, Samuel Groulx
Penalty Shots
Boone Jenner, Brandon Kozun, Billy Sweat, Corban Knight, William Carrier

Scratches
Thomas Gobeil (Healthy), Theodor Blueger (Healthy), Jordan LaVallee (Sprained Left Ankle Injury), Alex Henriksson (Healthy), Cole Ully (Healthy)
Alex Plante (Healthy)

% Time on Ice - Knights

Lines # - Real PCT - Wanted PCT - Time Play
Normal Forward
1 - 35% - 40% - 16:44
2 - 29% - 30% - 13:38
3 - 23% - 20% - 11:12
4 - 13% - 10% - 6:08
Normal Defense
1 - 38% - 40% - 18:02
2 - 35% - 30% - 16:46
3 - 24% - 20% - 11:26
4 - 3% - 10% - 1:28
PP Forward
1 - 59% - 60% - 3:54
2 - 41% - 40% - 2:44
PP Defense
1 - 60% - 60% - 3:57
2 - 40% - 40% - 2:41
PK Forward
1 - 77% - 60% - 3:31
2 - 23% - 40% - 1:02
PK Defense
1 - 51% - 60% - 2:19
2 - 49% - 40% - 2:14
PK3 Forward
1 - 0% - 60%
2 - 0% - 40%
PK3 Defense
1 - 0% - 60%
2 - 0% - 40%
44 Forward
1 - 0% - 60%
2 - 0% - 40%
44 Defense
1 - 0% - 60%
2 - 0% - 40%
Last Minute Offensive  - 1:07
Last Minute Defensive  - 0:00
Total
Forward - 60:00
Defense - 60:00

% Time on Ice - Ice Dragons

Lines # - Real PCT - Wanted PCT - Time Play
Normal Forward
1 - 35% - 40% - 16:39
2 - 27% - 30% - 12:58
3 - 18% - 20% - 8:47
4 - 20% - 10% - 9:22
Normal Defense
1 - 41% - 40% - 19:49
2 - 33% - 30% - 15:48
3 - 21% - 20% - 10:13
4 - 4% - 10% - 1:56
PP Forward
1 - 55% - 60% - 2:31
2 - 45% - 40% - 2:02
PP Defense
1 - 55% - 60% - 2:29
2 - 45% - 40% - 2:04
PK Forward
1 - 73% - 60% - 4:49
2 - 27% - 40% - 1:49
PK Defense
1 - 65% - 60% - 4:20
2 - 35% - 40% - 2:18
PK3 Forward
1 - 0% - 60%
2 - 0% - 40%
PK3 Defense
1 - 0% - 60%
2 - 0% - 40%
44 Forward
1 - 0% - 60%
2 - 0% - 40%
44 Defense
1 - 0% - 60%
2 - 0% - 40%
Last Minute Offensive  - 0:00
Last Minute Defensive  - 1:03
Total
Forward - 60:00
Defense - 60:00

Play-by-Play

1st period


0:01 of 1st period - Noel Acciari wins face-off versus Brian Boyle in neutral zone.
0:06 of 1st period - Snap shot by Dwight King.
0:06 of 1st period - Stopped by Harru Sateri with a rebound.
0:08 of 1st period - Slapshot by Jaccob Slavin.
0:08 of 1st period - Shot Misses the Net.
0:10 of 1st period - Slapshot by Olli Maatta.
0:10 of 1st period - Shot Misses the Net.
0:22 of 1st period - Minor Penalty to Brandon Kozun for Tripping.
0:23 of 1st period - Brian Boyle wins face-off versus Noel Acciari in Ice Dragons zone.
0:23 of 1st period - Brian Boyle is hit by Josh Bailey.
2:22 of 1st period - Penalty to Brandon Kozun is over, Brandon Kozun is back on ice.
2:24 of 1st period - Kevin Connauton is hit by Collin Miller and loses puck.
3:30 of 1st period - Robin Norell is hit by Michael Matheson and loses puck.
4:45 of 1st period - Samuel Groulx is hit by Linden Vey and loses puck.
5:01 of 1st period - Mike Reilly is hit by Vince Hinostroza and loses puck.
5:22 of 1st period - Minor Penalty to Ryan Strome for Hooking.
5:23 of 1st period - Noel Acciari wins face-off versus Brian Boyle in Knights zone.
5:38 of 1st period - Brayden McNabb is hit by Michael Matheson and loses puck.
5:57 of 1st period - Slapshot by Corban Knight.
5:57 of 1st period - Goal by Corban Knight - Knights : 0 - Ice Dragons : 1.
5:58 of 1st period - Noel Acciari wins face-off versus Corban Knight in neutral zone.
6:16 of 1st period - Minor Penalty to Noel Acciari for Tripping.
6:17 of 1st period - Brendan Gaunce wins face-off versus Brian Boyle in Knights zone.
6:33 of 1st period - Wrist shot by Brian Boyle.
6:33 of 1st period - Shot Misses the Net.
8:16 of 1st period - Penalty to Noel Acciari is over, Noel Acciari is back on ice.
8:41 of 1st period - Icing by Samuel Groulx.
8:42 of 1st period - Nicolas Petan wins face-off versus Boone Jenner in Ice Dragons zone.
8:45 of 1st period - Snap shot by Vince Hinostroza.
8:45 of 1st period - Shot Blocked by Samuel Groulx.
8:47 of 1st period - Slapshot by Vince Hinostroza.
8:47 of 1st period - Stopped by Harru Sateri without a rebound.
8:48 of 1st period - Miro Aaltonen wins face-off versus Boone Jenner in Ice Dragons zone.
8:51 of 1st period - Slapshot by Ryan Strome.
8:51 of 1st period - Shot Blocked by Kevin Connauton.
8:58 of 1st period - Off-side.
8:59 of 1st period - Brian Boyle wins face-off versus Noel Acciari in neutral zone.
9:02 of 1st period - Jaccob Slavin is hit by Brian Boyle.
9:26 of 1st period - Olli Maatta is hit by Brayden McNabb and loses puck.
9:31 of 1st period - Snap shot by Corban Knight.
9:31 of 1st period - Goal by Corban Knight - Knights : 0 - Ice Dragons : 2.
9:32 of 1st period - Brian Boyle wins face-off versus Noel Acciari in neutral zone.
10:16 of 1st period - Backhand shot by William Carrier.
10:16 of 1st period - Stopped by Magnus Hellberg without a rebound.
10:17 of 1st period - Brendan Gaunce wins face-off versus Chris Wagner in Knights zone.
10:26 of 1st period - Brayden McNabb is hit by Olli Maatta.
10:30 of 1st period - Slapshot by Kevin Connauton.
10:30 of 1st period - Stopped by Magnus Hellberg with a rebound.
10:51 of 1st period - Slapshot by Chris Wagner.
10:51 of 1st period - Stopped by Magnus Hellberg without a rebound.
10:52 of 1st period - Brian Boyle wins face-off versus Miro Aaltonen in Knights zone.
10:59 of 1st period - Wrist shot by Billy Sweat.
10:59 of 1st period - Shot Misses the Net.
11:01 of 1st period - Wrist shot by Brandon Kozun.
11:01 of 1st period - Shot Misses the Net.
11:58 of 1st period - Michael Matheson is hit by Juho Lammikko and loses puck.
12:39 of 1st period - Snap shot by Kevin Connauton.
12:39 of 1st period - Stopped by Magnus Hellberg with a rebound.
13:01 of 1st period - Slapshot by Brendan Gaunce.
13:01 of 1st period - Stopped by Harru Sateri with a rebound.
13:03 of 1st period - Snap shot by Brendan Gaunce.
13:03 of 1st period - Stopped by Harru Sateri without a rebound.
13:04 of 1st period - Brian Boyle wins face-off versus Noel Acciari in Ice Dragons zone.
13:04 of 1st period - Brian Boyle is hit by Noel Acciari.
13:29 of 1st period - Logan MacMillan is hit by Jordan Martinook and loses puck.
14:15 of 1st period - Snap shot by Brandon Kozun.
14:15 of 1st period - Goal by Brandon Kozun - Knights : 0 - Ice Dragons : 3.
14:16 of 1st period - Noel Acciari wins face-off versus Brian Boyle in neutral zone.
14:18 of 1st period - Minor Penalty to Jaccob Slavin for Hooking.
14:19 of 1st period - Noel Acciari wins face-off versus Brian Boyle in Knights zone.
16:16 of 1st period - Icing by Billy Sweat.
16:17 of 1st period - Corban Knight wins face-off versus Miro Aaltonen in Ice Dragons zone.
16:18 of 1st period - Penalty to Jaccob Slavin is over, Jaccob Slavin is back on ice.
17:08 of 1st period - Snap shot by Corban Knight.
17:08 of 1st period - Shot Misses the Net.
17:13 of 1st period - Off-side.
17:14 of 1st period - Noel Acciari wins face-off versus Brian Boyle in neutral zone.
17:17 of 1st period - Billy Sweat is hit by Matthew Benning and loses puck.
17:24 of 1st period - Slapshot by Mike Reilly.
17:24 of 1st period - Shot Hit the Post.
17:26 of 1st period - Slapshot by Samuel Groulx.
17:26 of 1st period - Stopped by Magnus Hellberg with a rebound.
17:28 of 1st period - Wrist shot by Billy Sweat.
17:28 of 1st period - Shot Misses the Net.
17:38 of 1st period - Josh Bailey is hit by Juho Lammikko and loses puck.
17:47 of 1st period - Snap shot by Sam Carrick.
17:47 of 1st period - Shot Blocked by Noel Acciari.
17:49 of 1st period - Slapshot by Robin Norell.
17:49 of 1st period - Stopped by Magnus Hellberg with a rebound.
17:51 of 1st period - Snap shot by Sam Carrick.
17:51 of 1st period - Stopped by Magnus Hellberg without a rebound.
17:52 of 1st period - Brian Boyle wins face-off versus Miro Aaltonen in Knights zone.
18:17 of 1st period - Linden Vey is hit by Corban Knight and loses puck.
18:38 of 1st period - Snap shot by Vince Hinostroza.
18:38 of 1st period - Deflect By Nicolas Petan.
18:38 of 1st period - Stopped by Harru Sateri with a rebound.
18:40 of 1st period - Backhand shot by Michael Matheson.
18:40 of 1st period - Stopped by Harru Sateri with a rebound.
18:58 of 1st period - Mike Reilly is hit by Noel Acciari and loses puck.
19:15 of 1st period - Jordan Martinook is hit by Brian Boyle.
19:19 of 1st period - Brian Boyle is hit by Ryan Strome and loses puck.
19:36 of 1st period - Slapshot by Samuel Groulx.
19:36 of 1st period - Shot Hit the Post.
19:38 of 1st period - Slapshot by Samuel Groulx.
19:38 of 1st period - Stopped by Magnus Hellberg without a rebound.
19:39 of 1st period - Brian Boyle wins face-off versus Noel Acciari in Knights zone.
19:48 of 1st period - Wrist shot by Josh Bailey.
19:48 of 1st period - Shot Misses the Net.
Goals for this period are 0 for Knights vs 3 for Ice Dragons.
Shots for this period are 6 for Knights vs 11 for Ice Dragons.

2nd period


0:01 of 2nd period - Brian Boyle wins face-off versus Miro Aaltonen in neutral zone.
0:23 of 2nd period - Icing by Brayden McNabb.
0:24 of 2nd period - Corban Knight wins face-off versus Dwight King in Ice Dragons zone.
0:35 of 2nd period - Wrist shot by Logan MacMillan.
0:35 of 2nd period - Deflect By Justin Shugg.
0:35 of 2nd period - Shot Misses the Net.
0:35 of 2nd period - Puck is out of play.
0:36 of 2nd period - Brian Boyle wins face-off versus Miro Aaltonen in Knights zone.
1:03 of 2nd period - Kevin Connauton is hit by Dwight King and loses puck.
1:08 of 2nd period - Snap shot by Josh Bailey.
1:08 of 2nd period - Stopped by Harru Sateri without a rebound.
1:09 of 2nd period - Corban Knight wins face-off versus Noel Acciari in Ice Dragons zone.
1:09 of 2nd period - Corban Knight is hit by Dwight King.
1:35 of 2nd period - Miro Aaltonen is hit by Billy Sweat and loses puck.
1:58 of 2nd period - Wrist shot by Boone Jenner.
1:58 of 2nd period - Shot Misses the Net.
2:00 of 2nd period - Snap shot by William Carrier.
2:00 of 2nd period - Goal by William Carrier - Knights : 0 - Ice Dragons : 4.
2:00 of 2nd period - Elvis Merzlikins enters game.
2:01 of 2nd period - Noel Acciari wins face-off versus Billy Sweat in neutral zone.
2:12 of 2nd period - Wrist shot by Josh Bailey.
2:12 of 2nd period - Deflect By Noel Acciari.
2:12 of 2nd period - Stopped by Harru Sateri with a rebound.
2:14 of 2nd period - Slapshot by Josh Bailey.
2:14 of 2nd period - Shot Blocked by Brayden McNabb.
2:57 of 2nd period - Backhand shot by Kevin Connauton.
2:57 of 2nd period - Deflect By Ludwig Bystrom.
2:57 of 2nd period - Stopped by Elvis Merzlikins without a rebound.
2:58 of 2nd period - Brian Boyle wins face-off versus Noel Acciari in Knights zone.
2:59 of 2nd period - Slapshot by Brandon Kozun.
2:59 of 2nd period - Deflect By Josh Bailey.
2:59 of 2nd period - Shot Misses the Net.
2:59 of 2nd period - Puck is out of play.
3:00 of 2nd period - Brian Boyle wins face-off versus Noel Acciari in Knights zone.
3:01 of 2nd period - Wrist shot by Billy Sweat.
3:01 of 2nd period - Shot Blocked by Noel Acciari.
3:03 of 2nd period - Slapshot by Samuel Groulx.
3:03 of 2nd period - Shot Blocked by Josh Bailey.
4:04 of 2nd period - Icing by William Carrier.
4:05 of 2nd period - Nicolas Petan wins face-off versus Brian Boyle in Ice Dragons zone.
4:06 of 2nd period - Slapshot by Jaccob Slavin.
4:06 of 2nd period - Shot Misses the Net.
4:08 of 2nd period - Snap shot by Vince Hinostroza.
4:08 of 2nd period - Goal by Vince Hinostroza - Knights : 1 - Ice Dragons : 4.
4:09 of 2nd period - Noel Acciari wins face-off versus Brian Boyle in neutral zone.
4:14 of 2nd period - Slapshot by Olli Maatta.
4:14 of 2nd period - Stopped by Harru Sateri with a rebound.
4:22 of 2nd period - Slapshot by Brayden McNabb.
4:22 of 2nd period - Shot Misses the Net.
4:34 of 2nd period - Logan MacMillan is hit by Olli Maatta and loses puck.
4:59 of 2nd period - Slapshot by Kevin Connauton.
4:59 of 2nd period - Stopped by Elvis Merzlikins without a rebound.
5:00 of 2nd period - Noel Acciari wins face-off versus Sam Carrick in Knights zone.
5:54 of 2nd period - Wrist shot by Michael Ferland.
5:54 of 2nd period - Goal by Michael Ferland - Knights : 1 - Ice Dragons : 5.
5:55 of 2nd period - Brian Boyle wins face-off versus Noel Acciari in neutral zone.
5:58 of 2nd period - Slapshot by Kevin Connauton.
5:58 of 2nd period - Stopped by Elvis Merzlikins with a rebound.
6:43 of 2nd period - Wrist shot by Vince Hinostroza.
6:43 of 2nd period - Shot Misses the Net.
7:57 of 2nd period - Wrist shot by Miro Aaltonen.
7:57 of 2nd period - Shot Misses the Net.
8:01 of 2nd period - Wrist shot by Miro Aaltonen.
8:01 of 2nd period - Shot Blocked by Samuel Groulx.
8:03 of 2nd period - Snap shot by Olli Maatta.
8:03 of 2nd period - Stopped by Harru Sateri with a rebound.
8:05 of 2nd period - Slapshot by Olli Maatta.
8:05 of 2nd period - Stopped by Harru Sateri with a rebound.
8:07 of 2nd period - Snap shot by Miro Aaltonen.
8:07 of 2nd period - Shot Blocked by Mike Reilly.
8:23 of 2nd period - Slapshot by Brendan Gaunce.
8:23 of 2nd period - Deflect By Nathan Walker.
8:23 of 2nd period - Shot Misses the Net.
8:23 of 2nd period - Puck is out of play.
8:24 of 2nd period - Nathan Walker wins face-off versus Brian Boyle in Ice Dragons zone.
8:29 of 2nd period - Slapshot by Linden Vey.
8:29 of 2nd period - Stopped by Harru Sateri with a rebound.
8:31 of 2nd period - Snap shot by Nathan Walker.
8:31 of 2nd period - Shot Misses the Net.
8:33 of 2nd period - Snap shot by Collin Miller.
8:33 of 2nd period - Stopped by Harru Sateri with a rebound.
8:35 of 2nd period - Snap shot by Brendan Gaunce.
8:35 of 2nd period - Stopped by Harru Sateri without a rebound.
8:36 of 2nd period - Brian Boyle wins face-off versus Noel Acciari in Ice Dragons zone.
8:45 of 2nd period - Wrist shot by Noel Acciari.
8:45 of 2nd period - Shot Misses the Net.
8:47 of 2nd period - Slapshot by Collin Miller.
8:47 of 2nd period - Shot Blocked by Brandon Kozun.
8:49 of 2nd period - Snap shot by Dwight King.
8:49 of 2nd period - Shot Blocked by Billy Sweat.
9:01 of 2nd period - Miro Aaltonen is hit by Justin Shugg.
9:49 of 2nd period - Snap shot by Kevin Connauton.
9:49 of 2nd period - Stopped by Elvis Merzlikins with a rebound.
9:51 of 2nd period - Slapshot by Brayden McNabb.
9:51 of 2nd period - Stopped by Elvis Merzlikins with a rebound.
10:28 of 2nd period - Snap shot by Miro Aaltonen.
10:28 of 2nd period - Stopped by Harru Sateri with a rebound.
10:30 of 2nd period - Slapshot by Miro Aaltonen.
10:30 of 2nd period - Stopped by Harru Sateri with a rebound.
10:32 of 2nd period - Slapshot by Olli Maatta.
10:32 of 2nd period - Shot Blocked by Justin Shugg.
10:34 of 2nd period - Snap shot by Jordan Martinook.
10:34 of 2nd period - Goal by Jordan Martinook - Knights : 2 - Ice Dragons : 5.
10:35 of 2nd period - Brian Boyle wins face-off versus Noel Acciari in neutral zone.
11:02 of 2nd period - Icing by Logan MacMillan.
11:03 of 2nd period - Miro Aaltonen wins face-off versus Corban Knight in Ice Dragons zone.
11:10 of 2nd period - Slapshot by Miro Aaltonen.
11:10 of 2nd period - Stopped by Harru Sateri with a rebound.
11:12 of 2nd period - Snap shot by Miro Aaltonen.
11:12 of 2nd period - Shot Blocked by Brayden McNabb.
11:14 of 2nd period - Slapshot by Ryan Strome.
11:14 of 2nd period - Shot Misses the Net.
11:16 of 2nd period - Wrist shot by Miro Aaltonen.
11:16 of 2nd period - Goal by Miro Aaltonen - Knights : 3 - Ice Dragons : 5.
11:17 of 2nd period - Brian Boyle wins face-off versus Noel Acciari in neutral zone.
12:01 of 2nd period - Minor Penalty to Justin Shugg for Hooking.
12:02 of 2nd period - Noel Acciari wins face-off versus Brian Boyle in Ice Dragons zone.
12:03 of 2nd period - Slapshot by Dwight King.
12:03 of 2nd period - Stopped by Harru Sateri without a rebound.
12:04 of 2nd period - Brian Boyle wins face-off versus Josh Bailey in Ice Dragons zone.
12:12 of 2nd period - Off-side.
12:13 of 2nd period - Brian Boyle wins face-off versus Noel Acciari in neutral zone.
12:20 of 2nd period - Snap shot by Billy Sweat.
12:20 of 2nd period - Shot Blocked by Noel Acciari.
12:22 of 2nd period - Snap shot by Billy Sweat.
12:22 of 2nd period - Ice Dragons goal is going for a video replay.
12:22 of 2nd period - The goal is good.
12:22 of 2nd period - Goal by Billy Sweat - Knights : 3 - Ice Dragons : 6.
12:23 of 2nd period - Noel Acciari wins face-off versus Brian Boyle in neutral zone.
12:26 of 2nd period - Slapshot by Jaccob Slavin.
12:26 of 2nd period - Shot Misses the Net.
12:28 of 2nd period - Wrist shot by Noel Acciari.
12:28 of 2nd period - Goal by Noel Acciari - Knights : 4 - Ice Dragons : 6.
12:29 of 2nd period - Brian Boyle wins face-off versus Noel Acciari in neutral zone.
12:35 of 2nd period - Off-side.
12:36 of 2nd period - Brian Boyle wins face-off versus Noel Acciari in neutral zone.
12:41 of 2nd period - Snap shot by Brandon Kozun.
12:41 of 2nd period - Shot Misses the Net.
13:07 of 2nd period - Wrist shot by Jordan Martinook.
13:07 of 2nd period - Stopped by Harru Sateri with a rebound.
13:09 of 2nd period - Minor Penalty to Corban Knight for Hooking.
13:10 of 2nd period - Noel Acciari wins face-off versus Brian Boyle in Ice Dragons zone.
13:19 of 2nd period - Snap shot by Noel Acciari.
13:19 of 2nd period - Shot Blocked by Brayden McNabb.
15:09 of 2nd period - Penalty to Corban Knight is over, Corban Knight is back on ice.
15:27 of 2nd period - Snap shot by Brendan Gaunce.
15:27 of 2nd period - Shot Misses the Net.
15:29 of 2nd period - Slapshot by Olli Maatta.
15:29 of 2nd period - Shot Blocked by Adam Clendening.
15:31 of 2nd period - Snap shot by Brendan Gaunce.
15:31 of 2nd period - Shot Misses the Net.
15:41 of 2nd period - Corban Knight is hit by Valentin Zykov and loses puck.
16:05 of 2nd period - Icing by Jordan Martinook.
16:06 of 2nd period - Jordan Martinook wins face-off versus Sam Carrick in Knights zone.
16:33 of 2nd period - Slapshot by Samuel Groulx.
16:33 of 2nd period - Stopped by Elvis Merzlikins without a rebound.
16:34 of 2nd period - Brian Boyle wins face-off versus Noel Acciari in Knights zone.
16:59 of 2nd period - Ryan Strome is hit by Corban Knight and loses puck.
18:03 of 2nd period - Wrist shot by Noel Acciari.
18:03 of 2nd period - Shot Misses the Net.
18:25 of 2nd period - Wrist shot by Miro Aaltonen.
18:25 of 2nd period - Stopped by Harru Sateri with a rebound.
18:30 of 2nd period - Minor Penalty to Corban Knight for Hooking.
18:31 of 2nd period - Noel Acciari wins face-off versus Brian Boyle in Ice Dragons zone.
18:41 of 2nd period - Brian Boyle is hit by Josh Bailey and loses puck.
18:46 of 2nd period - Slapshot by Dwight King.
18:46 of 2nd period - Shot Blocked by Brayden McNabb.
19:59 of 2nd period - Ryan Strome is hit by Brian Boyle and loses puck.
Goals for this period are 4 for Knights vs 3 for Ice Dragons.
Shots for this period are 18 for Knights vs 9 for Ice Dragons.

3rd period


0:01 of 3rd period - Noel Acciari wins face-off versus Brian Boyle in neutral zone.
0:26 of 3rd period - Billy Sweat is hit by Ryan Strome and loses puck.
0:30 of 3rd period - Penalty to Corban Knight is over, Corban Knight is back on ice.
0:31 of 3rd period - Slapshot by Miro Aaltonen.
0:31 of 3rd period - Stopped by Harru Sateri without a rebound.
0:32 of 3rd period - Corban Knight wins face-off versus Miro Aaltonen in Ice Dragons zone.
1:19 of 3rd period - Wrist shot by Michael Ferland.
1:19 of 3rd period - Stopped by Elvis Merzlikins with a rebound.
2:07 of 3rd period - Snap shot by Miro Aaltonen.
2:07 of 3rd period - Stopped by Harru Sateri without a rebound.
2:08 of 3rd period - Logan MacMillan wins face-off versus Miro Aaltonen in Ice Dragons zone.
2:10 of 3rd period - Minor Penalty to Corban Knight for Holding.
2:11 of 3rd period - Noel Acciari wins face-off versus Brian Boyle in Ice Dragons zone.
2:13 of 3rd period - Slapshot by Josh Bailey.
2:13 of 3rd period - Shot Misses the Net.
2:15 of 3rd period - Slapshot by Collin Miller.
2:15 of 3rd period - Stopped by Harru Sateri with a rebound.
2:21 of 3rd period - Slapshot by Dwight King.
2:21 of 3rd period - Goal by Dwight King - Knights : 5 - Ice Dragons : 6.
2:22 of 3rd period - Brian Boyle wins face-off versus Noel Acciari in neutral zone.
3:01 of 3rd period - Samuel Groulx is hit by Jaccob Slavin and loses puck.
3:21 of 3rd period - Off-side.
3:22 of 3rd period - Justin Shugg wins face-off versus Noel Acciari in neutral zone.
3:47 of 3rd period - Brian Boyle is hit by Ryan Strome and loses puck.
3:56 of 3rd period - Snap shot by Brian Boyle.
3:56 of 3rd period - Goal by Brian Boyle - Knights : 5 - Ice Dragons : 7.
3:57 of 3rd period - Noel Acciari wins face-off versus Brian Boyle in neutral zone.
4:02 of 3rd period - Slapshot by Olli Maatta.
4:02 of 3rd period - Stopped by Harru Sateri with a rebound.
4:10 of 3rd period - Snap shot by Kevin Connauton.
4:10 of 3rd period - Stopped by Elvis Merzlikins with a rebound.
4:12 of 3rd period - Snap shot by Billy Sweat.
4:12 of 3rd period - Stopped by Elvis Merzlikins without a rebound.
4:13 of 3rd period - Miro Aaltonen wins face-off versus Corban Knight in Knights zone.
4:44 of 3rd period - Snap shot by Dwight King.
4:44 of 3rd period - Stopped by Harru Sateri without a rebound.
4:45 of 3rd period - Brian Boyle wins face-off versus Noel Acciari in Ice Dragons zone.
4:49 of 3rd period - Off-side.
4:50 of 3rd period - Brian Boyle wins face-off versus Noel Acciari in neutral zone.
5:27 of 3rd period - Slapshot by William Carrier.
5:27 of 3rd period - Shot Misses the Net.
5:59 of 3rd period - Minor Penalty to Justin Shugg for Roughing.
6:00 of 3rd period - Noel Acciari wins face-off versus Brian Boyle in Ice Dragons zone.
6:02 of 3rd period - Snap shot by Dwight King.
6:02 of 3rd period - Deflect By Noel Acciari.
6:02 of 3rd period - Goal by Noel Acciari - Knights : 6 - Ice Dragons : 7.
6:03 of 3rd period - Brian Boyle wins face-off versus Dwight King in neutral zone.
6:06 of 3rd period - Slapshot by Kevin Connauton.
6:06 of 3rd period - Stopped by Elvis Merzlikins with a rebound.
6:10 of 3rd period - Wrist shot by Brandon Kozun.
6:10 of 3rd period - Shot Hit the Post.
6:12 of 3rd period - Snap shot by Brian Boyle.
6:12 of 3rd period - Stopped by Elvis Merzlikins with a rebound.
6:14 of 3rd period - Snap shot by Brian Boyle.
6:14 of 3rd period - Shot Misses the Net.
6:16 of 3rd period - Slapshot by Brandon Kozun.
6:16 of 3rd period - Shot Blocked by Olli Maatta.
6:36 of 3rd period - Backhand shot by Corban Knight.
6:36 of 3rd period - Shot Misses the Net.
6:38 of 3rd period - Wrist shot by Corban Knight.
6:38 of 3rd period - Stopped by Elvis Merzlikins with a rebound.
6:48 of 3rd period - Mike Reilly is hit by Brendan Gaunce and loses puck.
6:53 of 3rd period - Slapshot by Nathan Walker.
6:53 of 3rd period - Shot Misses the Net.
6:55 of 3rd period - Slapshot by Nathan Walker.
6:55 of 3rd period - Stopped by Harru Sateri without a rebound.
6:56 of 3rd period - Brian Boyle wins face-off versus Noel Acciari in Ice Dragons zone.
7:52 of 3rd period - Wrist shot by Josh Bailey.
7:52 of 3rd period - Stopped by Harru Sateri with a rebound.
7:54 of 3rd period - Backhand shot by Noel Acciari.
7:54 of 3rd period - Shot Misses the Net.
7:58 of 3rd period - Wrist shot by Dwight King.
7:58 of 3rd period - Stopped by Harru Sateri without a rebound.
7:59 of 3rd period - Corban Knight wins face-off versus Miro Aaltonen in Ice Dragons zone.
8:06 of 3rd period - Ryan Strome is hit by Justin Shugg and loses puck.
8:25 of 3rd period - Snap shot by Sam Carrick.
8:25 of 3rd period - Shot Misses the Net.
8:27 of 3rd period - Wrist shot by Sam Carrick.
8:27 of 3rd period - Shot Misses the Net.
8:29 of 3rd period - Snap shot by Michael Ferland.
8:29 of 3rd period - Stopped by Elvis Merzlikins without a rebound.
8:30 of 3rd period - Sam Carrick wins face-off versus Brendan Gaunce in Knights zone.
10:12 of 3rd period - Logan MacMillan is hit by Ludwig Bystrom and loses puck.
10:18 of 3rd period - Off-side.
10:19 of 3rd period - Brian Boyle wins face-off versus Dwight King in neutral zone.
10:30 of 3rd period - Snap shot by Billy Sweat.
10:30 of 3rd period - Deflect By Brandon Kozun.
10:30 of 3rd period - Stopped by Elvis Merzlikins with a rebound.
11:25 of 3rd period - Vince Hinostroza is hit by Michael Ferland and loses puck.
11:42 of 3rd period - Snap shot by Dwight King.
11:42 of 3rd period - Shot Misses the Net.
11:44 of 3rd period - Snap shot by Josh Bailey.
11:44 of 3rd period - Stopped by Harru Sateri with a rebound.
11:46 of 3rd period - Slapshot by Noel Acciari.
11:46 of 3rd period - Shot Blocked by Billy Sweat.
13:22 of 3rd period - Jordan Martinook is hit by Corban Knight and loses puck.
13:57 of 3rd period - Snap shot by Linden Vey.
13:57 of 3rd period - Shot Misses the Net.
14:13 of 3rd period - Snap shot by Juho Lammikko.
14:13 of 3rd period - Deflect By Dwight King.
14:13 of 3rd period - Shot Misses the Net.
14:13 of 3rd period - Puck is out of play.
14:14 of 3rd period - Noel Acciari wins face-off versus Sam Carrick in Knights zone.
14:23 of 3rd period - Sam Carrick is hit by Dwight King and loses puck.
14:51 of 3rd period - Snap shot by Sam Carrick.
14:51 of 3rd period - Shot Blocked by Linden Vey.
15:25 of 3rd period - Michael Matheson is hit by Mike Reilly.
15:53 of 3rd period - Snap shot by Noel Acciari.
15:53 of 3rd period - Shot Blocked by Logan MacMillan.
16:13 of 3rd period - Slapshot by Brendan Gaunce.
16:13 of 3rd period - Shot Blocked by Brayden McNabb.
16:41 of 3rd period - Slapshot by Brandon Kozun.
16:41 of 3rd period - Stopped by Elvis Merzlikins with a rebound.
16:43 of 3rd period - Slapshot by Billy Sweat.
16:43 of 3rd period - Stopped by Elvis Merzlikins with a rebound.
16:45 of 3rd period - Slapshot by Brayden McNabb.
16:45 of 3rd period - Shot Blocked by Ludwig Bystrom.
16:47 of 3rd period - Wrist shot by Billy Sweat.
16:47 of 3rd period - Stopped by Elvis Merzlikins with a rebound.
16:49 of 3rd period - Wrist shot by Brian Boyle.
16:49 of 3rd period - Shot Misses the Net.
16:51 of 3rd period - Slapshot by Kevin Connauton.
16:51 of 3rd period - Stopped by Elvis Merzlikins without a rebound.
16:52 of 3rd period - Noel Acciari wins face-off versus Boone Jenner in Knights zone.
17:44 of 3rd period - Wrist shot by Ryan Strome.
17:44 of 3rd period - Shot Misses the Net.
18:08 of 3rd period - Justin Shugg is hit by Olli Maatta and loses puck.
18:23 of 3rd period - Noel Acciari is hit by Mike Reilly and loses puck.
19:03 of 3rd period - Noel Acciari is hit by Brandon Kozun and loses puck.
19:23 of 3rd period - Knights, Elvis Merzlikins is pulled from the net.
19:29 of 3rd period - Wrist shot by Noel Acciari.
19:29 of 3rd period - Stopped by Harru Sateri without a rebound.
19:30 of 3rd period - Adams Oates call a timeout for Knights.
19:30 of 3rd period - Noel Acciari wins face-off versus Brian Boyle in Ice Dragons zone.
19:31 of 3rd period - Wrist shot by Josh Bailey.
19:31 of 3rd period - Stopped by Harru Sateri with a rebound.
19:37 of 3rd period - Wrist shot by Noel Acciari.
19:37 of 3rd period - Shot Blocked by Brian Boyle.
Goals for this period are 2 for Knights vs 1 for Ice Dragons.
Shots for this period are 13 for Knights vs 13 for Ice Dragons.